 Dungeon Crawl Stone Soup version 0.26-a0-20-g5f92b90 (webtiles) character file.

Game seed: 12482610257589068415, levelgen mode: deterministic

145 thirtiethelement the Skirmisher (level 5, -6/47 HPs)
             Began as a Gnoll Abyssal Knight on May 25, 2020.
             Was an Initiate of Okawaru.
             Mangled by a thrashing horror (13 damage)
             ... created by the touch of Lugonu
             ... on level 3 of the Dungeon on May 26, 2020.
             The game lasted 00:12:30 (1543 turns).

thirtiethelement the Skirmisher (GnAK)              Turns: 1543, Time: 00:12:31

Health: -6/47      AC:  4    Str: 15    XL:     5   Next: 27%
Magic:  17/17      EV: 13    Int: 14    God:    Okawaru [......]
Gold:   185        SH:  0    Dex: 15    Spells: 6/6 levels left

rFire    + . .     SeeInvis .   d - +2 long sword of the Wary Eyes {flame, rF+ MP+9}
rCold    . . .     Gourm    .   (no shield)
rNeg     . . .     Faith    .   b - +0 leather armour
rPois    .         Spirit   .   e - +0 helmet
rElec    .         Reflect  .   (no cloak)
rCorr    .         Harm     .   (no gloves)
MR       .....                  (no boots)
Stlth    ++........             (no amulet)
HPRegen  0.15/turn              f - ring of flight
MPRegen  0.15/turn              (no ring)

@: about to teleport
A: distributed training, fangs 1, strong nose
a: Renounce Religion, Evoke Flight


You were on level 3 of the Dungeon.
You worshipped Okawaru.
Okawaru was noncommittal.
You were not hungry.

You visited 1 branch of the dungeon, and saw 3 of its levels.
You visited the Abyss 1 time.

You collected 185 gold pieces.

Inventory:

Hand Weapons
 a - a +2 spear
 d - the +2 long sword of the Wary Eyes (weapon) {flame, rF+ MP+9}
   (You acquired it on level 2 of the Abyss)

   It has been specially enchanted to burn those struck by it, causing extra
   injury to most foes and up to half again as much damage against particularly
   susceptible opponents.
   Big, fiery blades are also staple armaments of hydra-hunters.
   It protects you from fire.
   It affects your magic capacity (+9).
Missiles
 i - 8 poisoned darts (quivered)
Armour
 b - a +0 leather armour (worn)
 e - a +0 helmet (worn)
Jewellery
 f - a ring of flight (left hand)
Scrolls
 m - a scroll of enchant weapon
Potions
 g - a potion of curing
 j - 2 potions of mutation {unknown}
 k - a potion of might {unknown}
 l - a potion of invisibility {unknown}
Comestibles
 c - 4 rations


   Skills:
 + Level 6.6 Fighting
 + Level 1.4 Short Blades
 + Level 1.4 Long Blades
 + Level 1.4 Axes
 + Level 1.4 Maces & Flails
 + Level 4.7 Polearms
 + Level 1.4 Staves
 + Level 1.4 Slings
 + Level 1.4 Bows
 + Level 1.4 Crossbows
 + Level 1.4 Throwing
 + Level 4.7 Armour
 + Level 2.9 Dodging
 + Level 1.4 Stealth
 + Level 1.4 Shields
 + Level 1.4 Unarmed Combat
 + Level 1.4 Spellcasting
 + Level 1.1 Conjurations
 + Level 1.1 Hexes
 + Level 1.1 Charms
 + Level 1.1 Summonings
 + Level 1.1 Necromancy
 + Level 1.1 Translocations
 + Level 1.1 Transmutations
 + Level 1.1 Fire Magic
 + Level 1.1 Ice Magic
 + Level 1.1 Air Magic
 + Level 1.1 Earth Magic
 + Level 1.1 Poison Magic
 + Level 4.8 Invocations
 + Level 1.4 Evocations


You had 6 spell levels left.
You didn't know any spells.
Your spell library was empty.

Dungeon Overview and Level Annotations

Branches:
Dungeon (3/15)

Altars:
Dithmenos
Okawaru
Vehumet
Xom


Innate Abilities, Weirdness & Mutations

Your experience applies equally to all skills.
You have very sharp teeth.
Your uncanny sense of smell can sniff out nearby items.


Message History

Press: ? - help, Shift-Dir - straight line, f/p - thrashing horror
Aim: a thrashing horror (lightly damaged, durably summoned)
You throw a poisoned dart.
The poisoned dart barely misses the thrashing horror.
The thrashing horror barely misses you. x2
You hit the thrashing horror but do no damage.
The thrashing horror is lightly damaged.
The thrashing horror barely misses you. The thrashing horror tramples you.
* * * LOW HITPOINT WARNING * * *
You hold your ground!
You closely miss the thrashing horror.
The thrashing horror is lightly damaged.
The thrashing horror misses you. The thrashing horror tramples you!
* * * LOW HITPOINT WARNING * * *
You hold your ground!
As you read the scroll of teleportation, it crumbles to dust.
You feel strangely unstable.
The thrashing horror roars!
The thrashing horror tramples you!
You die...

.##.#.# .##.#.# ∆
.##.#†######
.##........###### .
.####...........# # # .#
#).......##.# .# #
.####...##(#.##.##.# #. #
........##......X.>##..##.# #
.####...##(..(..@......##.###
# .#
######(#.##.#####.......# #
.# .....##.# #..##.#.# # .#
###.####.# #..##.#.# # ##
#.####.# #..##.#.##### ####.
. ...#####............ .....
## #.#.......#..###### ####
###.........<..# #..
.<..#......)##.#


You could see a thrashing horror.

Vanquished Creatures
  Jessica (D:3)
  Natasha (D:3)
  An adder (D:2)
  2 gnolls (D:3)
  A worm (D:3)
  2 dart slugs (D:3)
  A leopard gecko (D:2)
  3 orcs (D:3)
  2 bats
  2 giant cockroaches (D:1)
  7 goblins
  10 hobgoblins
  7 jackals
  A quokka (D:2)
  A ball python (D:1)
  5 frilled lizards
  4 kobolds
51 creatures vanquished.

Notes
Turn   | Place    | Note
-------+----------+-------------------------------------------
     0 | Abyss:1  | thirtiethelement the Gnoll Abyssal Knight began the quest
                  | for the Orb.
     0 | Abyss:1  | Reached XP level 1. HP: 23/23 MP: 3/3
    48 | Abyss:2  | Found a corrupted altar of Lugonu.
    67 | Abyss:2  | Identified a scroll of acquirement
    68 | Abyss:2  | Got the +2 long sword of the Wary Eyes {flame, rF+ MP+9}
    78 | Abyss:2  | Noticed a raiju
    78 | Abyss:2  | Noticed a raiju
    80 | D:1      | Escaped the Abyss
   196 | D:1      | Reached * piety under Lugonu
   196 | D:1      | Reached XP level 2. HP: 29/29 MP: 5/5
   416 | D:1      | Reached XP level 3. HP: 35/35 MP: 6/6
   533 | D:2      | Found a shadowy altar of Dithmenos.
   833 | D:2      | Found an iron altar of Okawaru.
   843 | D:2      | Fell from the grace of Lugonu
   843 | D:2      | Became a worshipper of Warmaster Okawaru
  1154 | D:3      | Reached skill level 1 in Short Blades
  1154 | D:3      | Reached skill level 1 in Long Blades
  1154 | D:3      | Reached skill level 1 in Axes
  1154 | D:3      | Reached skill level 1 in Maces & Flails
  1154 | D:3      | Reached skill level 1 in Staves
  1154 | D:3      | Reached skill level 1 in Slings
  1154 | D:3      | Reached skill level 1 in Bows
  1154 | D:3      | Reached skill level 1 in Crossbows
  1154 | D:3      | Reached skill level 1 in Throwing
  1154 | D:3      | Reached skill level 1 in Stealth
  1154 | D:3      | Reached skill level 1 in Shields
  1154 | D:3      | Reached skill level 1 in Unarmed Combat
  1154 | D:3      | Reached skill level 1 in Spellcasting
  1154 | D:3      | Reached skill level 1 in Evocations
  1154 | D:3      | Reached XP level 4. HP: 40/41 MP: 7/7
  1179 | D:3      | Found a shimmering altar of Xom.
  1393 | D:3      | Found a radiant altar of Vehumet.
  1408 | D:3      | Noticed Jessica
  1422 | D:3      | Killed Jessica
  1422 | D:3      | Reached skill level 1 in Conjurations
  1422 | D:3      | Reached skill level 1 in Hexes
  1422 | D:3      | Reached skill level 1 in Charms
  1422 | D:3      | Reached skill level 1 in Summonings
  1422 | D:3      | Reached skill level 1 in Necromancy
  1422 | D:3      | Reached skill level 1 in Translocations
  1422 | D:3      | Reached skill level 1 in Transmutations
  1422 | D:3      | Reached skill level 1 in Fire Magic
  1422 | D:3      | Reached skill level 1 in Ice Magic
  1422 | D:3      | Reached skill level 1 in Air Magic
  1422 | D:3      | Reached skill level 1 in Earth Magic
  1422 | D:3      | Reached skill level 1 in Poison Magic
  1422 | D:3      | Reached XP level 5. HP: 34/47 MP: 8/8
  1523 | D:3      | Noticed Natasha
  1526 | D:3      | Killed Natasha
  1530 | D:3      | Noticed a thrashing horror
  1543 | D:3      | Mangled by a thrashing horror

Illustrated notes

Levels and vault maps discovered:
D:1:      lightli_arrival_noodles, layout_rooms, chequers_serial_rivers_micro_c
D:2:      layout_rooms, nicolae_dithmenos_through_a_glass_darkly,
          okawaru_trees_2, first_ration, dk_noncrumbling_2
D:3:      layout_loops_ring, vehumet_crystals, tgw_xom, uniq_jessica,
          uniq_natasha

Skill      XL: |  1  2  3  4 |
---------------+-------------+-----
Short Blades   | 1 |  1.4
Long Blades    | 1 |  1.4
Axes           | 1 |  1.4
Maces & Flails | 1 |  1.4
Staves         | 1 |  1.4
Slings         | 1 |  1.4
Bows           | 1 |  1.4
Crossbows      | 1 |  1.4
Throwing       | 1 |  1.4
Stealth        | 1 |  1.4
Shields        | 1 |  1.4
Unarmed Combat | 1 |  1.4
Spellcasting   | 1 |  1.4
Evocations     | 1 |  1.4
Conjurations   | 1 |  1.1
Hexes          | 1 |  1.1
Charms         | 1 |  1.1
Summonings     | 1 |  1.1
Necromancy     | 1 |  1.1
Translocations | 1 |  1.1
Transmutations | 1 |  1.1
Fire Magic     | 1 |  1.1
Ice Magic      | 1 |  1.1
Air Magic      | 1 |  1.1
Earth Magic    | 1 |  1.1
Poison Magic   | 1 |  1.1
Fighting       | |  6.6
Polearms       | |  4.7
Armour         | |  4.7
Dodging        | |  2.9
Invocations    | |  4.8

Action                   |  1- 3 |  4- 6 || total
-------------------------+-------+-------++-------
Melee: Long sword        |    65 |    40 ||   105
       Bite              |     3 |     3 ||     6
       Spear             |       |     2 ||     2
       Punch             |       |     1 ||     1
Throw: Dart              |       |     5 ||     5
Invok: Depart the Abyss  |     1 |       ||     1
  Use: Scroll            |     7 |     1 ||     8
 Stab: Sleeping          |     1 |     1 ||     2
  Eat: Ration            |     1 |       ||     1
Armor: Leather armour    |    18 |     5 ||    23
Dodge: Dodged            |    59 |    30 ||    89
       Rpst.: Long sword |    12 |     6 ||    18

Table legend:
 A = Non-vault XP
 B = Vault XP
 C = Vault XP percentage of total XP
 D = Non-vault monster count
 E = Vault monster count
 F = Vault count percentage of total count
                 A         B        C        D         E       F
            +---------+---------+-------+---------+---------+-------
      Total |      96 |     112 |  53.8 |      44 |       7 |  13.7
            +---------+---------+-------+---------+---------+-------
        D:1 |      34 |       0 |   0.0 |      20 |       0 |   0.0
        D:2 |      34 |       0 |   0.0 |      11 |       0 |   0.0
        D:3 |      28 |     112 |  80.0 |      13 |       7 |  35.0
            +---------+---------+-------+---------+---------+-------
